 Dungeon Crawl Stone Soup version 0.27-a0-412-g8dd771eca2 (webtiles) character file.

Game seed: 15276743559220805991

12140 Morbidden the Reanimator (level 11, -1/83 HPs)
             Began as a Demonspawn Necromancer on Feb 23, 2021.
             Was a Priest of Vehumet.
             Slain by a cyclops (16 damage)
             ... on level 12 of the Dungeon on Feb 24, 2021.
             The game lasted 00:18:22 (13137 turns).

Morbidden the Reanimator (Demonspawn Necromancer)  Turns: 13137, Time: 00:18:22

Health: -1/83      AC: 10    Str:  9    XL:     11   Next: 58%
Magic:  27/34      EV: 14    Int: 19    God:    Vehumet [***...]
Gold:   597        SH:  0    Dex: 14    Spells: 22/30 levels left

rFire    + . .     SeeInvis .     - Unarmed
rCold    + . .     Faith    .   (no shield)
rNeg     . . .     Spirit   .   v - +3 leather armour {rF+}
rPois    .         Reflect  .   h - +2 helmet
rElec    .         Harm     .   k - +0 cloak
rCorr    .         Rampage  .   (no gloves)
Will     .....                  (no boots)
Stlth    ++........             u - amulet of regeneration
HPRegen  1.23/turn              w - ring of magical power
MPRegen  0.48/turn              f - ring of protection from cold

@: slowed, very slow
A: claws 2, talons 2, spiny 2, magic regeneration
a: Renounce Religion


You were on level 12 of the Dungeon.
You worshipped Vehumet.
Vehumet was most pleased with you.
You visited 1 branch of the dungeon, and saw 12 of its levels.
You also visited: Ossuary.

You collected 597 gold pieces.

Inventory:

Missiles
 d - 24 boomerangs (quivered)
Armour
 h - a +2 helmet (worn)
 k - a +0 cloak (worn)
 v - a +3 leather armour of fire resistance (worn)
 G - a +2 scale mail of willpower
Jewellery
 f - a ring of protection from cold (right claw)
 i - a ring of protection from fire
 u - an amulet of regeneration (around neck)
 w - a ring of magical power (left claw)
 F - a +6 ring of strength
 H - the ring "Varchi" {rCorr Str+2}
   (You found it on level 12 of the Dungeon)

   [ring of resist corrosion]

   It affects your strength (+2).
   It provides partial protection from all sources of acid and corrosion.
Wands
 n - a wand of flame (43)
 B - a wand of acid (11)
 E - a wand of mindburst (10)
 I - a wand of paralysis (7)
Scrolls
 e - 13 scrolls of teleportation
 g - 4 scrolls of identify
 j - 3 scrolls of magic mapping
 l - 2 scrolls of enchant armour
 x - a scroll of enchant weapon
 y - 2 scrolls of fear
 A - a scroll of acquirement {unknown}
 C - a scroll of immolation {unknown}
 D - a scroll of fog {unknown}
Potions
 a - 4 potions of flight
 b - 3 potions of brilliance
 c - 3 potions of curing
 m - a potion of ambrosia {unknown}
 o - 3 potions of heal wounds {unknown}
 p - 3 potions of haste {unknown}
 q - a potion of magic {unknown}
 r - 2 potions of attraction {unknown}
 s - 2 potions of mutation {unknown}
 t - a potion of invisibility
 z - 3 potions of degeneration {unknown}


   Skills:
 * Level 6.7 Fighting
 + Level 0.1 Throwing
 + Level 2.4 Armour
 * Level 5.8 Dodging
 + Level 3.1 Stealth
 + Level 5.2 Unarmed Combat
 * Level 10.1 Spellcasting
 * Level 3.2 Conjurations
 * Level 10.8 Necromancy
 + Level 0.6 Fire Magic


You had 22 spell levels left.
You knew the following spells:

 Your Spells              Type           Power        Failure   Level
a - Foxfire               Conj/Fire      68%          1%          1
b - Vampiric Draining     Necr           25%          1%          3
c - Pain                  Necr           100%         1%          1
z - Static Discharge      Conj/Air       15%          4%          3

Your spell library contained the following spells:

 Spells                   Type           Power        Failure   Level
 Dazzling Flash           Conj/Hex       30%          4%          3
 Animate Skeleton         Necr           100%         1%          1
 Animate Dead             Necr           25%          1%          4
 Conjure Flame            Conj/Fire      17%          3%          3
 Agony                    Necr           50%          3%          5
 Mephitic Cloud           Conj/Pois/Air  13%          5%          3
 Ignite Poison            Fire/Tmut/Pois 10%          7%          3
 Sting                    Tmut/Pois      36%          10%         1
 Poisonous Vapours        Pois/Air       18%          16%         2
 Olgreb's Toxic Radiance  Pois           9%           24%         4
 Freezing Cloud           Conj/Ice/Air   6%           90%         6


Dungeon Overview and Level Annotations

Branches:
Dungeon (12/15)            Temple (0/1) D:7            Lair (0/6) D:11
    Orc (0/2) D:10        Ossuary (visited)

Altars:
Dithmenos
Elyvilon
Hepliaklqana
Ru
Trog
Vehumet
Wu Jian
Yredelemnul
Zin

Shops:
D:5 =

Annotations:
D:12 Snorg


Innate Abilities, Weirdness & Mutations

You have very sharp fingernails.
You have razor-sharp toenails.
You are mostly covered in sharp spines.
You regenerate magic rapidly.


Message History

You can't drain life from that!
Unknown command.
Unknown command.
Unknown command.
You scratch the freezing wraith but do no damage.
Your kick misses the freezing wraith.
The freezing wraith is almost destroyed.
The freezing wraith is struck by your spines.
You destroy the freezing wraith!
Vehumet accepts your kill. The cyclops hits you!!
* * * LOW HITPOINT WARNING * * *
Unknown command.
Unknown command.
Unknown command.
Casting: Vampiric Draining (safe; 1% risk of failure)
Confirm with . or Enter, or press ? or * to list all spells.
Aiming: Vampiric Draining (safe; 1% risk of failure)
Press: ? - help, Shift-Dir - straight line, f - cyclops
Aim: a cyclops, quivering large rocks (moderately wounded)
The cyclops is moderately wounded.
You feel life coursing into your body. The cyclops misses you.
Unknown command.
Casting: Vampiric Draining (safe; 1% risk of failure)
Confirm with . or Enter, or press ? or * to list all spells.
Aiming: Vampiric Draining (safe; 1% risk of failure)
Press: ? - help, Shift-Dir - straight line, f/p - cyclops
Aim: a cyclops, quivering large rocks (moderately wounded)
The cyclops is heavily wounded.
You feel life coursing into your body. The cyclops is struck by your spines.
The cyclops hits you!
* * * LOW HITPOINT WARNING * * *
Casting: Vampiric Draining (safe; 1% risk of failure)
Confirm with . or Enter, or press ? or * to list all spells.
Aiming: Vampiric Draining (safe; 1% risk of failure)
Press: ? - help, Shift-Dir - straight line, f/p - cyclops
Aim: a cyclops, quivering large rocks (severely wounded)
The cyclops is almost dead.
You feel life coursing into your body. The cyclops hits you!
You die...

#[..........#.........#
#...........###########
#.......C..............
#....#####.............
#....# #....######+##
#....# #....#........
#<...# #....#........
#....#####....##.......
#.....@........#.......
#....C.........#.......
#.............รท#######'
#..(...................
#..................####
#..................#
#..........#####...#
#..(.......#...#...#
#####......#...#...#


You could see a cyclops.

Vanquished Creatures
  2 two-headed ogres
  An unseen horror (D:12)
  A deep elf pyromancer (D:12)
  A manticore (D:12)
  A freezing wraith (D:12)
  A kobold demonologist (D:12)
  2 wyverns
  Eustachio (D:5)
  A wraith (D:10)
  A basilisk (D:11)
  15 yaks
  4 water moccasins
  6 orc warriors
  3 ice beasts
  5 black bears
  A necrophage (D:11)
  A sky beast (D:9)
  7 ogres
  7 centaurs
  3 phantoms
  A kobold brigand (D:10)
  Blork the orc (D:4)
  9 bullfrogs
  An elf skeleton (D:6)
  A wyvern skeleton (D:6)
  2 scorpions
  3 killer bees (D:9)
  4 wights (D:12)
  3 howler monkeys
  A centaur zombie (D:8)
  3 bullfrog skeletons
  A jelly (D:6)
  4 hounds
  3 orc priests
  2 centaur skeletons
  3 iguanas
  Ijyb (D:4)
  A human skeleton (D:6)
  Natasha (thrice) (D:3)
  11 orc wizards
  2 worker ants
  A hound skeleton (D:8)
  A mummy (Ossuary)
  A worker ant zombie (D:9)
  Robin (D:4)
  4 gnolls (D:8)
  7 adders
  2 shadow imps
  3 white imps
  An ufetubus (D:8)
  An adder zombie (D:6)
  2 adder skeletons
  2 worms (D:3)
  A dart slug (D:3)
  2 leopard geckos
  27 orcs
  3 spectral bats (Ossuary)
  4 giant cockroaches
  12 goblins
  7 hobgoblins
  19 jackals
  6 quokkas
  3 ball pythons
  5 bats
  2 bat simulacra (Ossuary)
  5 frilled lizards
  12 gnoll zombies (Ossuary)
  2 goblin simulacra (Ossuary)
  4 goblin zombies (Ossuary)
  8 hobgoblin zombies (Ossuary)
  10 kobolds
  2 kobold simulacra (Ossuary)
  5 kobold zombies (Ossuary)
  A leopard gecko zombie (D:7)
  4 orc skeletons (D:6)
  An orc zombie (Ossuary)
  3 rats
  3 rat simulacra (Ossuary)
  4 spectral goblins (Ossuary)
  3 spectral kobolds (Ossuary)
  8 spectral rats (Ossuary)
316 creatures vanquished.

Vanquished Creatures (others)
  101 foxfires
  6 fungi (D:11)
  15 plants (D:11)
122 creatures vanquished.

Grand Total: 438 creatures vanquished

Notes
Turn   | Place    | Note
-------+----------+-------------------------------------------
     0 | D:1      | Morbidden the Demonspawn Necromancer began the quest for
                  | the Orb.
     0 | D:1      | Reached XP level 1. HP: 13/13 MP: 3/3
   235 | D:1      | Gained mutation: You are partially covered in sharp spines.
                  | [demonic ancestry]
   235 | D:1      | Reached XP level 2. HP: 12/19 MP: 0/5
  1365 | D:2      | Gained mutation: You have sharp toenails. [demonic
                  | ancestry]
  1365 | D:2      | Reached XP level 3. HP: 24/25 MP: 4/6
  1615 | D:2      | You fall into a shaft and drop 1 floor!
  1706 | D:3      | Learned a level 3 spell: Vampiric Draining
  2130 | D:3      | Noticed Natasha
  2135 | D:3      | Killed Natasha
  2136 | D:3      | Reached skill level 5 in Necromancy
  2136 | D:3      | Reached XP level 4. HP: 26/31 MP: 2/8
  2894 | D:3      | Noticed Natasha
  2900 | D:3      | Killed Natasha
  2901 | D:3      | Reached skill level 1 in Fighting
  3236 | D:3      | Noticed Natasha
  3241 | D:3      | Killed Natasha
  3242 | D:3      | Gained mutation: You regenerate magic rapidly. [demonic
                  | ancestry]
  3242 | D:3      | Reached XP level 5. HP: 33/37 MP: 4/10
  3790 | D:2      | Found a basalt altar of Yredelemnul.
  3935 | D:2      | Found a white marble altar of Elyvilon.
  3936 | D:2      | Found a sacrificial altar of Ru.
  3937 | D:2      | Found an ornate altar of the Wu Jian Council.
  4215 | D:4      | Noticed Ijyb
  4295 | D:4      | Killed Ijyb
  4706 | D:4      | Gained mutation: You have sharp fingernails. [demonic
                  | ancestry]
  4706 | D:4      | Reached XP level 6. HP: 42/44 MP: 9/12
  4859 | D:4      | Noticed Robin
  4866 | D:4      | Killed Robin
  5338 | D:4      | Reached skill level 1 in Unarmed Combat
  5425 | D:4      | Noticed Blork the orc
  5431 | D:4      | Killed Blork the orc
  5540 | D:4      | Gained mutation: You are mostly covered in sharp spines.
                  | [demonic ancestry]
  5540 | D:4      | Reached XP level 7. HP: 51/51 MP: 14/14
  5804 | D:5      | Entered Level 5 of the Dungeon
  5804 | D:5      | Noticed Eustachio
  5821 | D:5      | Killed Eustachio
  5822 | D:5      | Reached skill level 5 in Spellcasting
  5941 | D:5      | Found Houd's Jewellery Boutique.
  6404 | D:5      | Found a hazy altar of Hepliaklqana.
  6406 | D:5      | Found a shadowy altar of Dithmenos.
  6407 | D:5      | Noticed a shadow
  6869 | D:6      | Reached XP level 8. HP: 52/59 MP: 16/16
  6874 | D:6      | Found a sand-covered staircase.
  6879 | Ossuary  | Entered an ossuary
  7411 | D:6      | Found a radiant altar of Vehumet.
  7411 | D:6      | Found a glowing silver altar of Zin.
  7441 | D:6      | Upgraded the game from 0.27-a0-409-gd57800a693 to
                  | 0.27-a0-412-g8dd771eca2
  7464 | D:6      | Became a worshipper of Vehumet
  7829 | D:7      | Reached skill level 1 in Armour
  7886 | D:7      | Found a staircase to the Ecumenical Temple.
  8183 | D:7      | Found a glowing silver altar of Zin.
  8526 | D:8      | Reached * piety under Vehumet
  8526 | D:8      | Offered knowledge of Sandblast by Vehumet.
  8611 | D:8      | Reached XP level 9. HP: 62/66 MP: 18/18
  8829 | D:8      | Noticed a two-headed ogre
  8838 | D:8      | Killed a two-headed ogre
  9109 | D:8      | Reached skill level 5 in Fighting
  9213 | D:8      | Found a bloodstained altar of Trog.
  9406 | D:9      | Offered knowledge of Foxfire by Vehumet.
  9409 | D:9      | Reached ** piety under Vehumet
  9538 | D:9      | Gained mutation: You have very sharp fingernails. [demonic
                  | ancestry]
  9538 | D:9      | Reached XP level 10. HP: 74/74 MP: 14/21
 10131 | D:10     | Entered Level 10 of the Dungeon
 10161 | D:10     | Learned a level 1 spell: Foxfire
 10365 | D:10     | Offered knowledge of Static Discharge by Vehumet.
 10396 | D:10     | Learned a level 3 spell: Static Discharge
 10453 | D:10     | Reached skill level 5 in Dodging
 10537 | D:10     | Reached *** piety under Vehumet
 10704 | D:10     | Found a staircase to the Orcish Mines.
 11010 | D:10     | Reached skill level 5 in Unarmed Combat
 11449 | D:11     | Reached skill level 1 in Conjurations
 11488 | D:11     | Found a staircase to the Lair.
 11509 | D:11     | Reached skill level 10 in Necromancy
 11509 | D:11     | Gained mutation: You have razor-sharp toenails. [demonic
                  | ancestry]
 11509 | D:11     | Reached XP level 11. HP: 73/81 MP: 4/24
 11513 | D:11     | Offered knowledge of Dazzling Flash by Vehumet.
 11782 | D:11     | Noticed a two-headed ogre
 11789 | D:11     | Killed a two-headed ogre
 12495 | D:12     | Killed an unseen horror
 12587 | D:12     | Noticed a deep elf pyromancer
 12614 | D:12     | Killed a deep elf pyromancer
 12615 | D:12     | Reached skill level 10 in Spellcasting
 12937 | D:12     | Got a coiled golden ring
 12939 | D:12     | Noticed Snorg
 12940 | D:12     | Identified the ring "Varchi" {rCorr Str+2} (You found it on
                  | level 12 of the Dungeon)
 13137 | D:12     | Slain by a cyclops

Illustrated notes

Levels and vault maps discovered:
D:1:      dpeg_arrival_orchard, layout_loops_ring
D:2:      layout_basic, chequers_temple_overflow_statue_of_worship,
          yredelemnul_altar_generic, minivault_11, minmay_pentomino_u2
D:3:      layout_loops_corners, chequers_garden, minmay_cut_off, uniq_natasha
D:4:      layout_loops_ring, uniq_robin, uniq_ijyb, uniq_blork_the_orc
D:5:      layout_basic, riverfiend_overflow_shadow_ancestor, serial_shops,
          shop_statue, uniq_eustachio
D:6:      layout_cave_pools, grunt_temple_overflow_open,
          nicolae_ossuary_entry_catacombs
D:7:      layout_basic, minmay_temple_entry_water_ring, basic_altar
D:8:      layout_basic, trog_ov_bears_minmay
D:9:      layout_long_grid
D:10:     layout_basic, orc_0_dummy
D:11:     layout_basic, minmay_lair_entry_grove, serial_rivers,
          chequers_serial_rivers_room_b, chequers_serial_rivers_micro_c,
          chequers_serial_rivers_marsh, chequers_serial_rivers_large_b,
          chequers_serial_rivers_marsh, chequers_serial_rivers_room_a
D:12:     minmay_box_of_curves, layout_irregular_city, uniq_snorg

Skill      XL: |  1  2  3  4  5  6  7  8  9 10 11 |
---------------+----------------------------------+-----
Dodging        | 2 3 4 5 |  5.8
Spellcasting   | 3 4 5 6 7 9 10 | 10.1
Necromancy     | 5 6 7 8 10 | 10.8
Fighting       | 1 2 3 4 5 6 |  6.7
Stealth        | 2 3 |  3.1
Unarmed Combat | 1 2 4 5 |  5.2
Armour         | 1 2 |  2.4
Conjurations   | 2 3 |  3.2
Throwing       | |  0.1
Fire Magic     | |  0.6

Action                   |  1- 3 |  4- 6 |  7- 9 | 10-12 || total
-------------------------+-------+-------+-------+-------++-------
Melee: Unarmed           |    19 |   111 |   282 |   154 ||   566
       Kick              |       |    29 |    84 |    34 ||   147
       Punch             |       |       |       |     6 ||     6
Throw: Boomerang         |    11 |     2 |     1 |       ||    14
 Cast: Pain              |    61 |    63 |    15 |     1 ||   140
       Vampiric Draining |       |     7 |    48 |    73 ||   128
       Foxfire           |       |       |       |    58 ||    58
       Static Discharge  |       |       |       |    22 ||    22
Evoke: Wand              |       |       |       |     1 ||     1
  Use: Scroll            |       |       |     7 |     2 ||     9
       Potion            |       |       |       |     3 ||     3
 Stab: Sleeping          |       |     2 |     5 |       ||     7
       Distracted        |       |       |     1 |       ||     1
Armor: Robe              |     9 |    41 |     4 |       ||    54
       Leather armour    |       |       |    93 |    90 ||   183
Dodge: Dodged            |    25 |    57 |   195 |   180 ||   457

Table legend: (Time is in decaauts)
 A = Elapsed time spent in this place.
 B = Non-inter-level travel time spent in this place.
 C = Inter-level travel time spent in this place.
 D = Time resting spent in this place.
 E = Time spent auto-exploring this place.
 F = Levels seen in this place.
 G = Mean time per level.
                   A        B        C        D        E       F      G
               +--------+--------+--------+--------+--------+-----+--------+
         Total |  13201 |  12848 |    353 |     59 |  10671 |  13 | 1015.5 |
       Dungeon |  12809 |  12456 |    353 |     59 |  10477 |  12 | 1067.4 |
       Ossuary |    392 |    392 |      0 |      0 |    194 |   1 |  392.0 |
               +--------+--------+--------+--------+--------+-----+--------+

Top non-repeatable levels by time:
     D:3: 2154 daAuts
     D:4: 1619 daAuts
    D:10: 1238 daAuts
     D:1: 1161 daAuts
    D:11: 1025 daAuts
     D:8: 877 daAuts
     D:2: 864 daAuts
     D:5: 844 daAuts
    D:12: 823 daAuts
     D:7: 772 daAuts
     D:9: 731 daAuts
     D:6: 696 daAuts
 Ossuary: 392 daAuts
